 Dungeon Crawl Stone Soup version 0.21-a0-476-gd103f4b (webtiles) character file.

8795 theanonym the Spear-Bearer (level 11, 0/145 HPs)
             Began as a Hill Orc Gladiator on Nov 22, 2017.
             Was a Believer of Fedhas.
             Slain by a large abomination (8 damage)
             ... on level 10 of the Dungeon.
             The game lasted 00:34:14 (12056 turns).

theanonym the Spear-Bearer (Hill Orc Gladiator)    Turns: 12056, Time: 00:34:14

Health: 0/145      AC: 30    Str: 21    XL:     11   Next: 36%
Magic:  14/14      EV:  2    Int: 12    God:    Fedhas [**....]
Gold:   1178       SH:  0    Dex: 12    Spells: 10/10 levels left

rFire    . . .     SeeInvis +   I - +1 glaive
rCold    + . .     Gourm    .   (shield currently unavailable)
rNeg     + + +     Faith    .   (armour currently unavailable)
rPois    +         Spirit   .   (helmet currently unavailable)
rElec    .         Reflect  .   (cloak currently unavailable)
rCorr    .         Harm     .   (gloves currently unavailable)
MR       .....     NoTele   +   (boots currently unavailable)
Stlth    +.........             (no amulet)
HPRegen  0.34/turn              x - ring of Vanity {rC+ Int+4 SInv}
MPRegen  0.14/turn              y - +5 ring of protection

@: tree-form
A: no striking features
a: Fungal Bloom, Evolution, Sunlight, Renounce Religion


   Skills:
 + Level 9.6 Fighting
 * Level 14.9 Polearms
 - Level 1.7 Throwing
 + Level 3.8 Armour
 + Level 3.9 Dodging
 - Level 5.0 Invocations


You had 10 spell levels left.
You didn't know any spells.

Skill      XL: |  1  2  3  4  5  6  7  8  9 10 11 |
---------------+----------------------------------+-----
Polearms       | 4 5 6 7 8 10 11 13 14 | 14.9
Fighting       | 5 7 9 |  9.6
Invocations    | 2 5 |  5.0
Armour         | 2 3 |  3.8
Dodging        | 3 |  3.9
Throwing       | |  1.7

Action                   |  1- 3 |  4- 6 |  7- 9 | 10-12 || total
-------------------------+-------+-------+-------+-------++-------
Melee: Trident           |   128 |   283 |   653 |   245 ||  1309
       Glaive            |       |       |       |   190 ||   190
Throw: Throwing net      |       |     6 |     2 |     1 ||     9
       Tomahawk          |       |       |     3 |       ||     3
Invok: Fungal Bloom      |       |     1 |    41 |    36 ||    78
       Evolution         |       |       |     5 |     9 ||    14
       Sunlight          |       |       |       |     2 ||     2
Evoke: Wand              |       |       |       |    11 ||    11
  Use: Scroll            |     4 |     4 |     4 |     6 ||    18
       Potion            |       |     2 |     3 |     4 ||     9
 Stab: Held in net/web   |       |     1 |     2 |       ||     3
       Distracted        |       |       |     2 |       ||     2
       Confused          |       |       |     2 |       ||     2
  Eat: Chunk             |     3 |     6 |     1 |     1 ||    11
       Bread ration      |       |     1 |     1 |     1 ||     3
       Meat ration       |       |       |     2 |     1 ||     3
Armor: Leather armour    |     3 |       |       |       ||     3
       Ring mail         |    33 |       |       |       ||    33
       Plate armour      |     6 |   154 |     1 |       ||   161
       Chain mail        |       |       |   291 |   172 ||   463
       Skin              |       |       |     6 |     4 ||    10
Dodge: Dodged            |    70 |    60 |   152 |   116 ||   398
Block: Buckler           |       |       |     5 |    13 ||    18

Inventory:

Hand Weapons
 a - a +0 trident
 I - a +1 glaive (weapon)
   (You took it off an orc warrior on level 9 of the Dungeon)
Missiles
 h - 11 tomahawks
 B - a throwing net (quivered)
 J - 4 silver tomahawks
Armour
 c - a +0 helmet (melded)
 d - the +5 chain mail of Knowledge (melded) {rPois Int+8 Dex+4 Stlth+}
   (You found it on level 4 of the Dungeon)

   It affects your intelligence (+8).
   It affects your dexterity (+4).
   It protects you from poison.
   It makes you more stealthy.
 g - a +2 cloak (melded)
   (You took it off Crazy Yiuf on level 7 of the Dungeon)
 u - a +0 pair of gloves (melded)
   (You found it on level 3 of the Dungeon)
Jewellery
 i - an uncursed ring of resist corrosion
   (You found it on level 1 of the Dungeon)
 l - an uncursed ring of ice {rC+, rF-}
   (You found it on level 2 of the Dungeon)
 x - the ring of Vanity (left branch) {rC+ Int+4 SInv}
   (You bought it in a shop on level 7 of the Dungeon)

   [ring of see invisible]

   It affects your intelligence (+4).
   It protects you from cold.
   It lets you see invisible.
 y - a +5 ring of protection (right branch)
   (You found it on level 5 of the Dungeon)
Wands
 v - a wand of acid (16)
   (You found it on level 7 of the Dungeon)
 C - a wand of flame (9)
   (You took it off a goblin on level 6 of the Dungeon)
 H - a wand of random effects (57)
   (You found it on level 9 of the Dungeon)
Scrolls
 j - 3 scrolls of remove curse
 n - 4 scrolls of enchant armour
 p - a scroll of immolation
 t - 5 scrolls of teleportation {!r}
 E - a scroll of amnesia
 F - a scroll of brand weapon {!r}
 K - 3 scrolls of fear {!r}
Potions
 k - 5 potions of curing
 w - a potion of flight
Books
 o - a book of Minor Magic
   (You found it on level 5 of the Dungeon)

   Spells                             Type                      Level
   a - Magic Dart                     Conjuration                  1
   b - Blink                          Translocation                2
   c - Call Imp                       Summoning                    2
   d - Slow                           Hexes                        2
   e - Conjure Flame                  Conjuration/Fire             3
   f - Mephitic Cloud                 Conjuration/Poison/Air       3
 s - a Young Poisoner's Handbook
   (You found it on level 7 of the Dungeon)

   Spells                             Type                      Level
   a - Sting                          Conjuration/Poison           1
   b - Poisonous Vapours              Poison/Air                   2
   c - Mephitic Cloud                 Conjuration/Poison/Air       3
   d - Olgreb's Toxic Radiance        Poison                       4
   e - Venom Bolt                     Conjuration/Poison           5
Comestibles
 b - 5 fruits {!e}
 e - 7 meat rations
 f - 10 bread rations
 m - 7 royal jellies

Dungeon Overview and Level Annotations

Branches:
Dungeon (10/15)            Temple (1/1) D:4             Orc (2/2) D:9
    Elf (0/3) Orc:2
   Lair: D:8-11

Altars:
Ashenzari
Cheibriados
Dithmenos
Elyvilon
Fedhas
Gozag
Hepliaklqana
Kikubaaqudgha
Makhleb
Nemelex Xobeh
Okawaru
Qazlal
Ru
Sif Muna
Trog
Uskayaw
Vehumet
Wu Jian
Xom
Yredelemnul
Zin
The Shining One

Shops:
D:5 *   D:6 *   D:7 *

Annotations:
D:10 Sonja


You were on level 10 of the Dungeon.
You worshipped Fedhas.
Fedhas was pleased with you.
You were hungry.
You were a tree.
You visited 3 branches of the dungeon, and saw 13 of its levels.

You collected 1328 gold pieces.
You spent 150 gold pieces at shops.


Message History

Its appearance distorts for a moment.
Sonja hits you but does no damage. Space warps horribly around you!
Sonja hits you but does no damage. Space bends around you.
Sonja hits you but does no damage.
You blink.
You take 23 damage, and have 50/97 hp.
MASSIVE DAMAGE!!
Okay, then.
Unknown command.
You barely miss the small abomination.
You feel sick.
Your wandering mushroom releases spores at Sonja.
Sonja is engulfed in a cloud of spores!
The small abomination hits you but does no damage.
Sonja hits your wandering mushroom with an uncursed short sword of distortion.
Space warps horribly around your wandering mushroom!
Sonja hits your wandering mushroom but does no damage.
Space bends around your wandering mushroom.
Sonja hits your wandering mushroom with an uncursed short sword of distortion.
Space bends around your wandering mushroom.
Your wandering mushroom is destroyed!
You feel a little guilty.
Aim: Sonja, wielding a short sword of distortion (severely wounded)
The bolt of acid misses Sonja.
You feel sick.
The small abomination hits you but does no damage.
The small abomination hits you!
* * * LOW HITPOINT WARNING * * *
You take 18 damage, and have 32/97 hp.
Aim: Sonja, wielding a short sword of distortion (severely wounded)
The bolt of acid misses Sonja.
You feel sick. Sonja completely misses you. Sonja hits you but does no damage.
Your surroundings suddenly seem different.
You feel sick.
You take 1 damage, and have 31/97 hp.
You feel sick.
You take 1 damage, and have 30/97 hp.
You feel sick.
You feel a bit more experienced.
You feel sick.
You take 1 damage, and have 29/97 hp.
You feel sick.
You take 1 damage, and have 28/97 hp.
Okay, then.
Unknown command.
An iguana and an adder come into view.
The iguana hisses angrily.
The adder hisses angrily.
Really read
t - 6 scrolls of teleportation {!r}?
As you read the scroll of teleportation {!r}, it crumbles to dust.
You feel strangely unstable.
You feel sick.
You feel a little guilty.
You take 1 damage, and have 28/97 hp.
The adder bites you but does no damage.
You feel sick. The adder barely misses you.
The iguana bites you but does no damage.
The adder bites you but does no damage.
The iguana bites you but does no damage.
You take 1 damage, and have 28/97 hp.
Your surroundings suddenly seem different.
You feel sick.
There is an open door here.
There's a creature in the doorway!
You hit the small abomination.
You feel yourself speed up.
You feel sick.
The small abomination closely misses you.
You closely miss the small abomination.
The small abomination hits you but does no damage.
You turn into a tree.
Your +2 cloak melds into your body.
Your +0 helmet melds into your body.
Your +0 pair of gloves melds into your body.
The +5 chain mail of Knowledge {rPois Int+8 Dex+4 Stlth+} melds into your body.
Your roots penetrate the ground.
The small abomination barely misses you.
You now have 42/145 hp.
You slash the small abomination!
The small abomination hits you but does no damage.
You barely miss the small abomination.
You feel sick.
The small abomination hits you but does no damage.
You barely miss the small abomination.
The small abomination hits you but does no damage.
You barely miss the small abomination. You slice the small abomination!!
You destroy the small abomination!
You hit the large abomination.
The large abomination hits you but does no damage.
You hit the large abomination but do no damage.
You feel sick.
You are no longer poisoned.
The large abomination hits you.
* * * LOW HITPOINT WARNING * * *
You take 3 damage, and have 40/145 hp.
You hit the large abomination but do no damage.
You slash the large abomination! The large abomination hits you!
* * * LOW HITPOINT WARNING * * *
You take 13 damage, and have 28/145 hp.
You slash the large abomination! The large abomination hits you!!
* * * LOW HITPOINT WARNING * * *
You take 22 damage, and have 6/145 hp.
You feel much better. The large abomination hits you!!
* * * LOW HITPOINT WARNING * * *
You regained 2 hp, and now have 8/145 hp.
As you read the scroll labeled DYLLYI IQOQA, it crumbles to dust.
It is a scroll of enchant weapon.
Your +0 glaive glows red for a moment.
The large abomination hits you!
You die...
Fedhas appreciates your contribution to the ecosystem.

###### #....#
###########....# ##########
.........)'....# #.....^..#
#.#..###..#..X.##+##........#
....f# #.##....#...##.####..#
.....# #.##....#...##)# #..#
.#.### #.##....X♣..##.# #..#
...## #.##....#...##.# #..#
....# #.############.# #..#
#.#.# #.# #.# #.# #..# ....#
#.# #.# #.# #..# .#### #.#
#.# #.# #..# .# #.# #.# #.#
#..# .# #.# #.# #.# #..# .#
#.# #.# #.# #..#


You could see a large abomination.

Notes
Turn   | Place    | Note
-------+----------+-------------------------------------------
     0 | D:1      | theanonym the Hill Orc Gladiator began the quest for the Orb.
     0 | D:1      | Reached XP level 1. HP: 18/18 MP: 1/1
   120 | D:1      | Reached XP level 2. HP: 22/25 MP: 2/2
   212 | D:1      | Reached skill level 4 in Polearms
   603 | D:2      | Reached XP level 3. HP: 30/30 MP: 3/3
  1379 | D:2      | Reached skill level 5 in Polearms
  1434 | D:2      | Found a bloodstained altar of Trog.
  1434 | D:2      | Noticed a moth of wrath
  1915 | D:3      | Reached XP level 4. HP: 24/37 MP: 4/4
  2411 | D:3      | Found a hazy altar of Hepliaklqana.
  2429 | D:3      | HP: 18/37 [gnoll/spear (6)]
  2435 | D:3      | Reached skill level 6 in Polearms
  2666 | D:3      | Reached XP level 5. HP: 35/42 MP: 5/5
  3095 | D:3      | HP: 13/42 [iguana (10)]
  3099 | D:3      | Reached skill level 7 in Polearms
  3101 | D:3      | HP: 7/42 [poisoned by an orc]
  3108 | D:3      | HP: 5/42 [poisoned by an orc]
  3116 | D:3      | HP: 5/42 [poisoned by an orc]
  3416 | D:4      | Reached XP level 6. HP: 39/50 MP: 6/6
  3431 | D:4      | HP: 25/50 [howler monkey (2)]
  3441 | D:4      | HP: 24/50 [orc priest/flail (3)]
  3468 | D:4      | HP: 20/50 [orc priest/divine providence (7)]
  3498 | D:4      | HP: 21/50 [adder (3)]
  3602 | D:4      | Reached skill level 8 in Polearms
  3622 | D:4      | HP: 20/50 [orc priest/divine providence (16)]
  3625 | D:4      | HP: 9/50 [orc wizard/puff of flame (8)]
  3941 | D:4      | Found a staircase to the Ecumenical Temple.
  3943 | D:4      | Got a spiked chain mail
  3960 | Temple   | Entered the Ecumenical Temple
  3986 | Temple   | Became a worshipper of Fedhas Madash
  4133 | D:4      | Reached XP level 7. HP: 52/56 MP: 7/7
  4171 | D:4      | Identified the +5 chain mail of Knowledge {rPois Int+8 Dex+4 Stlth+} (You found it on level 4 of the Dungeon)
  4511 | D:4      | Reached skill level 9 in Polearms
  4564 | D:5      | Entered Level 5 of the Dungeon
  5140 | D:5      | Reached skill level 10 in Polearms
  5140 | D:5      | Reached XP level 8. HP: 37/62 MP: 8/8
  5155 | D:5      | Reached skill level 3 in Fighting
  5363 | D:5      | Reached * piety under Fedhas
  5669 | D:6      | Noticed Menkaure
  5682 | D:6      | Killed Menkaure
  5682 | D:6      | Reached skill level 4 in Fighting
  5752 | D:5      | Reached skill level 11 in Polearms
  5937 | D:6      | You fall through a shaft for 3 floors!
  5959 | D:8      | Found a sparkling altar of Nemelex Xobeh.
  6073 | D:8      | Reached skill level 1 in Invocations
  6329 | D:7      | Found a runed door.
  6405 | D:7      | Reached skill level 5 in Fighting
  6405 | D:7      | Reached skill level 2 in Invocations
  6441 | D:7      | Found Wuhuimp's Assorted Antiques.
  6449 | D:7      | Bought a scintillating glass ring for 150 gold pieces
  6450 | D:7      | Identified the ring of Vanity {rC+ Int+4 SInv} (You bought it in a shop on level 7 of the Dungeon)
  6492 | D:7      | Reached XP level 9. HP: 74/74 MP: 10/10
  6522 | D:7      | Reached skill level 3 in Invocations
  7229 | D:7      | Noticed Crazy Yiuf
  7234 | D:7      | Killed Crazy Yiuf
  7337 | D:6      | Reached skill level 12 in Polearms
  7346 | D:6      | HP: 34/75 [orc priest/divine providence (12)]
  7359 | D:6      | Reached skill level 4 in Invocations
  7500 | D:6      | Reached skill level 6 in Fighting
  7720 | D:6      | Found a radiant altar of Vehumet.
  7858 | D:6      | Reached skill level 5 in Invocations
  7864 | D:6      | Found Upnimab's General Store.
  8352 | D:5      | Found a shattered altar of Ashenzari.
  8563 | D:8      | Reached skill level 7 in Fighting
  8742 | D:8      | Reached skill level 13 in Polearms
  8742 | D:8      | Reached XP level 10. HP: 86/86 MP: 13/13
  8830 | D:8      | Reached ** piety under Fedhas
  9154 | D:9      | Found a staircase to the Orcish Mines.
  9256 | D:9      | Reached skill level 8 in Fighting
  9429 | D:9      | Found a basalt altar of Yredelemnul.
  9433 | D:9      | Found an ornate altar of the Wu Jian Council.
  9598 | D:9      | Found an opulent altar of Gozag.
 10006 | Orc:1    | Entered Level 1 of the Orcish Mines
 10167 | Orc:1    | Reached skill level 14 in Polearms
 10257 | Orc:2    | Entered Level 2 of the Orcish Mines
 10272 | Orc:2    | Noticed an orc sorcerer
 10396 | Orc:1    | Noticed a cyclops
 10414 | Orc:1    | Killed a cyclops
 10414 | Orc:1    | Reached skill level 1 in Armour
 10553 | Orc:2    | Killed an orc sorcerer
 10553 | Orc:2    | Reached skill level 3 in Dodging
 10630 | Orc:2    | Found a staircase to the Elven Halls.
 10633 | Orc:1    | Noticed a stone giant
 10635 | Orc:1    | Reached skill level 9 in Fighting
 10635 | Orc:1    | Reached skill level 2 in Armour
 10873 | Orc:2    | Reached XP level 11. HP: 71/97 MP: 14/14
 10880 | Orc:2    | Noticed an orc high priest
 11106 | D:10     | Entered Level 10 of the Dungeon
 11246 | D:10     | Reached *** piety under Fedhas
 11376 | D:10     | Reached skill level 3 in Armour
 11403 | D:10     | Noticed a wizard
 11413 | D:10     | Killed a wizard
 11464 | D:10     | HP: 23/97 [large abomination (27)]
 12021 | D:10     | Noticed Sonja
 12028 | D:10     | HP: 48/97 [poisoned by Sonja (curare-tipped needle)]
 12033 | D:10     | HP: 29/97 [poisoned by Sonja (curare-tipped needle)]
 12038 | D:10     | HP: 28/97 [poisoned by Sonja (curare-tipped needle)]
 12046 | D:10     | HP: 42/145 [poisoned by Sonja (curare-tipped needle)]
 12051 | D:10     | HP: 42/145 [poisoned by Sonja (curare-tipped needle)]
 12054 | D:10     | HP: 6/145 [large abomination (22)]
 12056 | D:10     | Slain by a large abomination

Vanquished Creatures
  A wizard (D:10)
  A cyclops (Orc:1)
  A gargoyle (D:10)
  A hippogriff (D:8)
  A spriggan (D:9)
  A wyvern (D:9)
  A hungry ghost (D:10)
  2 large abominations (D:10)
  Menkaure (D:6)
  A warg (Orc:2)
  2 water moccasins (D:9)
  5 orc warriors
  3 sky beasts
  2 ice beasts
  5 ogres
  5 centaurs
  7 bullfrogs
  2 gnoll sergeants
  5 small abominations (D:10)
  3 scorpions
  4 wights
  3 howler monkeys
  6 crimson imps
  A quasit (D:10)
  3 centaur skeletons
  5 hounds
  10 orc priests
  3 bullfrog skeletons
  A gnoll shaman (D:5)
  3 iguanas
  15 orc wizards
  2 worker ants
  A hound skeleton (D:6)
  17 gnolls
  14 adders
  A howler monkey skeleton (D:7)
  A river rat (D:4)
  A shadow imp (D:6)
  3 adder skeletons
  An adder zombie (D:5)
  11 worms
  2 dart slugs (D:1)
  4 leopard geckos
  65 orcs
  2 ball pythons
  9 giant cockroaches
  8 goblins
  9 hobgoblins
  8 jackals
  5 quokkas
  5 bats
  3 frilled lizards
  A giant cockroach zombie (D:5)
  A jackal skeleton (D:8)
  5 kobolds
  A quokka zombie (D:5)
  12 rats
296 creatures vanquished.

Vanquished Creatures (collateral kills)
  An orc sorcerer (Orc:2)
  A troll (Orc:1)
  A warg (Orc:2)
  A small abomination (D:10)
  4 orc warriors
  A sky beast (D:6)
  An ice beast (D:9)
  An ogre (D:9)
  5 wights (D:6)
  A jelly (D:6)
  Crazy Yiuf (D:7)
  3 orc priests
  2 orc wizards
  A worker ant (D:6)
  2 gnolls (D:6)
  10 orcs
36 creatures vanquished.

Vanquished Creatures (others)
  2 necrophages (D:10)
  14 wandering mushrooms
  An orc wizard (Orc:2)
  A killer bee zombie (D:8)
  A worker ant zombie (D:10)
  169 toadstools
188 creatures vanquished.

Grand Total: 520 creatures vanquished
